Map: Orbital Shipyard

Players

ValoR - Winner!

  • Race: Terran Terran
  • League: Platinum

ILLBdA

  • Race: Protoss Protoss
  • League: Diamond

VOD

Have the link to the VOD?

Description

Time

  • Played on: Dec. 17, 2015, 9:02 a.m.
  • Length: 16:03
Show
View Real Time Build Order
Export as new Build Order

ValoR Terran - Winner!

Build Orders: MMM Bio 

Get SALT Encoding   

  12  0:00  SCV  
  13  0:13  SCV  
  14  0:17  Supply Depot  
  14  0:25  SCV  
  15  0:39  SCV  
  15  0:40  Barracks  
  16  0:44  Refinery  
  16  0:51  SCV  
  16  0:55  Refinery  
  17  1:03  SCV  
  18  1:15  SCV  
  19  1:27  Orbital Command  
  19  1:28  Reaper  
  20  1:44  Factory  
  20  1:52  Supply Depot  
  20  1:53  SCV  
  21  2:00  Barracks Reactor  
  21  2:06  Marine  
  21  2:07  SCV  
  23  2:19  SCV  
  24  2:26  Bunker  
  24  2:28  Marine  
  24  2:34  SCV  
  24  2:36  Factory Tech Lab  
  25  2:49  Marine  
  26  3:08  Supply Depot  
  31  3:12  SCV, Cyclone  
  30  3:27  Bunker  
  30  3:36  SCV  
  30  3:39  Command Center, Barracks Reactor, Starport  
  31  3:44  Widow Mine  
  33  3:51  SCV  
  34  4:05  SCV  
  35  4:10  Liberator  
  35  4:13  Supply Depot  
  34  4:26  Siege Tank  
  34  4:30  SCV  
  39  4:37  Supply Depot  
  39  4:38  Engineering Bay  
  39  4:43  Supply Depot  
  39  4:54  Supply Depot  
  39  4:58  Marine x2  
  41  5:15  Medivac  
  41  5:16  Marine x2  
  45  5:21  SCV  
  45  5:23  Orbital Command  
  46  5:38  Barracks  
  46  5:53  SCV  
  46  5:54  SCV, Widow Mine, Medivac  
  52  5:57  Marine x2  
  52  6:02  Barracks  
  54  6:05  SCV  
  54  6:07  Barracks  
  54  6:10  Supply Depot  
  55  6:11  Supply Depot  
  55  6:17  SCV  
  55  6:18  SCV  
  57  6:29  SCV  
  57  6:30  SCV  
  59  6:33  Supply Depot  
  59  6:34  Starport Tech Lab  
  59  6:35  Factory Tech Lab  
  59  6:36  Stimpack  
  59  6:42  Barracks  
  48  7:13  SCV  
  49  7:18  Starport Reactor  
  49  7:19  Marine x2  
  49  7:20  Factory Reactor, Marauder x2  
  49  7:21  Marauder  
  49  7:22  Command Center  
  57  7:23  SCV  
  57  7:24  Terran Infantry Armor Level 1  
  57  7:25  SCV  
  57  7:26  Engineering Bay  
  59  7:30  Refinery  
  59  7:34  Refinery  
  59  7:35  SCV  
  59  7:37  Barracks Reactor  
  60  7:38  Barracks Reactor  
  60  7:39  Combat Shields, Marine x2  
  62  7:56  Marine  
  62  7:57  Widow Mine  
  62  7:58  Medivac x2, Widow Mine  
  67  8:00  Marine  
  72  8:06  SCV  
  72  8:09  SCV  
  74  8:14  Marine  
  74  8:15  Liberator x2  
  75  8:22  SCV  
  75  8:23  Terran Infantry Weapons Level 1  
  75  8:24  SCV  
  77  8:33  Starport  
  83  8:43  SCV x2  
  83  8:44  Marine x3, Marauder x3  
  94  8:51  Supply Depot  
  94  8:55  Armory, Orbital Command  
  93  9:10  Marine x4  
  93  9:11  Marauder, Marine x2  
  83  9:27  SCV  
  83  9:28  Marine x5  
  83  9:29  Marauder  
  88  9:32  Marauder  
  88  9:43  Missile Turret  
  85  9:46  Marine  
  85  9:47  Marauder  
  84  9:53  Marauder  
  83  10:01  Marine x2  
  79  10:14  Marine x3  
  79  10:16  Marauder  
  81  10:35  Missile Turret  
  78  10:46  Marauder, Marine x2  
  78  10:47  Marauder  
  84  10:51  Orbital Command  
  71  11:24  Orbital Command  
  71  11:31  Medivac  
  71  11:32  Medivac x3  
  79  11:56  Missile Turret  
  79  12:13  Marauder, Marine x2  
  83  12:16  Marauder, Marine  
  83  12:18  Marine  
  87  12:29  Marauder  
  90  12:30  SCV x2  
  90  12:33  Refinery  
  91  12:43  Missile Turret  
  91  12:57  Marine x2  
  90  13:05  Liberator x2  
  91  13:30  Marine x2  
  89  13:40  Marine x2  
  83  13:49  Marine x3  
  83  13:50  Marauder, Marine  
  86  14:00  Marine  
  86  14:02  Marine  
  88  14:07  Marine x3  
  91  14:10  Command Center  
  91  14:11  Marine x2  
  93  14:18  SCV  
  94  14:34  Marine x3  
  97  14:58  Marine x2  
  99  15:05  Marine x2  
  99  15:06  Marine x3  
  93  15:16  Marine  
  93  15:20  Marine  
  85  15:23  Marine x2  
  85  15:24  Marine x3  
  74  15:34  Marine  
  75  15:38  Marine  
  75  15:41  Marine x2  
  75  15:42  Marauder, Marine  
  81  15:45  Marine  
Show
View Real Time Build Order
Export as new Build Order

ILLBdA Protoss 

Build Orders:  

Get SALT Encoding   

  12  0:01  Probe (Chrono Boost)  
  13  0:11  Probe (Chrono Boost)  
  14  0:19  Pylon  
  14  0:22  Probe (Chrono Boost)  
  15  0:40  Probe (Chrono Boost)  
  15  0:41  Pylon  
  16  0:50  Probe (Chrono Boost)  
  17  0:59  Gateway  
  17  1:00  Gateway  
  17  1:06  Assimilator  
  17  1:08  Probe (Chrono Boost)  
  18  1:19  Probe (Chrono Boost)  
  19  1:29  Probe (Chrono Boost)  
  20  1:41  Probe (Chrono Boost)  
  23  1:48  Zealot (Chrono Boost)  
  23  1:50  Cybernetics Core, Zealot (Chrono Boost)  
  25  2:03  Pylon  
  25  2:08  Pylon  
  26  2:18  Zealot (Chrono Boost)  
  26  2:27  Stalker (Chrono Boost)  
  28  2:45  Stalker (Chrono Boost)  
  28  2:48  Pylon  
  28  2:49  Pylon  
  28  2:53  Stalker (Chrono Boost)  
  30  3:05  Mothership Core  
  30  3:23  Adept (Chrono Boost)  
  30  3:25  Adept (Chrono Boost)  
  32  3:32  Assimilator  
  32  3:34  Nexus  
  32  3:40  Warp Gate (Chrono Boost)  
  32  3:44  Probe (Chrono Boost)  
  35  3:48  Adept  
  33  4:10  Adept  
  33  4:18  Adept  
  33  4:40  Probe (Chrono Boost)  
  38  4:51  Probe x2 (Chrono Boost)  
  40  4:57  Pylon  
  36  5:02  Probe (Chrono Boost)  
  36  5:05  Probe (Chrono Boost)  
  38  5:07  Forge  
  38  5:09  Gateway  
  38  5:12  Gateway, Probe (Chrono Boost)  
  39  5:15  Probe (Chrono Boost)  
  39  5:17  Robotics Facility  
  40  5:23  Probe (Chrono Boost)  
  40  5:26  Probe (Chrono Boost)  
  42  5:33  Probe (Chrono Boost)  
  43  5:37  Sentry x2, Probe (Chrono Boost)  
  48  5:44  Probe (Chrono Boost)  
  48  5:47  Probe (Chrono Boost), Pylon  
  50  5:54  Probe (Chrono Boost)  
  51  5:58  Probe (Chrono Boost)  
  51  6:02  Photon Cannon  
  51  6:03  Probe (Chrono Boost)  
  52  6:05  Observer (Chrono Boost)  
  52  6:08  Stalker x2, Probe  
  59  6:23  Twilight Council, Pylon  
  59  6:24  Probe  
  64  6:33  Immortal (Chrono Boost)  
  64  6:37  Assimilator  
  64  6:40  Assimilator  
  64  6:42  Probe  
  64  6:43  Probe  
  62  7:08  Probe  
  62  7:09  Probe, Dark Shrine  
  64  7:21  Probe  
  65  7:26  Sentry  
  67  7:31  Probe  
  67  7:33  Nexus  
  67  7:37  Probe, Photon Cannon  
  69  7:41  Protoss Ground Armor Level 1 (Chrono Boost)  
  69  7:42  Sentry  
  71  7:48  Probe  
  71  7:49  Probe  
  73  7:54  Pylon  
  73  7:59  Gateway, Pylon  
  73  8:10  Probe  
  73  8:11  Immortal (Chrono Boost)  
  78  8:17  Probe  
  79  8:21  Probe  
  79  8:23  Dark Templar x2  
  84  8:29  Probe  
  84  8:32  Probe  
  84  8:33  Pylon  
  86  8:36  Resonating Glaives (Chrono Boost)  
  86  8:42  Gateway  
  86  8:43  Probe, Gateway  
  86  8:44  Probe  
  86  8:46  Gateway  
  88  8:55  Probe  
  89  8:57  Probe  
  89  9:00  Dark Templar  
  92  9:03  Probe  
  92  9:07  Assimilator x2  
  92  9:08  Dark Templar  
  82  9:21  Dark Templar  
  82  9:22  Dark Templar  
  70  9:31  Probe  
  70  9:32  Probe  
  70  9:36  Pylon  
  72  9:43  Nexus  
  72  9:44  Pylon  
  72  9:49  Dark Templar  
  73  9:53  Immortal  
  76  10:05  Pylon  
  76  10:07  Pylon  
  76  10:10  Pylon  
  76  10:12  Pylon  
  76  10:18  Dark Templar x2  
  76  10:28  Immortal  
  74  10:30  Probe  
  74  10:34  Adept  
  79  10:41  Gateway  
  79  10:42  Gateway  
  79  10:43  Gateway  
  79  10:47  Gateway  
  79  10:51  Dark Templar x2  
  81  11:04  Observer  
  81  11:11  Probe  
  83  11:16  Photon Cannon  
  83  11:18  Probe x2  
  84  11:21  Immortal  
  84  11:23  Probe  
  86  11:28  Probe  
  86  11:29  Archon  
  86  11:30  Probe  
  86  11:31  Archon  
  92  11:36  Pylon  
  90  11:43  Adept x2  
  90  11:44  Adept x2  
  90  11:46  Probe x2  
  100  11:55  Immortal  
  100  11:57  Adept  
  106  12:04  Assimilator  
  106  12:05  Probe, Assimilator  
  106  12:07  Adept x6  
  119  12:16  Protoss Ground Armor Level 2  
  119  12:17  Templar Archives  
  119  12:18  Adept  
  121  12:24  Probe  
  121  12:29  Probe  
  123  12:30  Probe  
  123  12:36  Probe  
  125  12:42  Probe  
  126  12:58  Adept  
  126  12:59  Dark Templar, Adept x2  
  126  13:13  Dark Templar x2  
  126  13:15  Stalker  
  130  13:24  Immortal  
  128  13:40  Stalker x3  
  110  13:56  Stalker x2  
  110  14:00  Immortal  
  114  14:07  Adept x2  
  114  14:09  Adept  
  122  14:10  Probe  
  123  14:18  Gateway  
  123  14:19  Gateway x2  
  123  14:20  Adept  
  123  14:21  Gateway  
  123  14:22  Pylon  
  125  14:28  Pylon  
  125  14:30  Pylon  
  125  14:34  Psionic Storm  
  125  14:37  Mothership Core  
  125  14:40  High Templar x2  
  125  14:42  Adept  
  133  14:50  High Templar  
  135  14:57  Gateway x2  
  135  15:02  Gateway  
  135  15:03  Archon  
  133  15:07  Adept x4  
  133  15:13  Dark Templar  
  99  15:29  Stalker  
  99  15:30  Stalker x3  
  99  15:33  Dark Templar  
  103  15:43  Probe  
  95  16:01  Adept x2  
  95  16:02  Adept x2  
Tags
 
Composition
MMM Bio
Matchup
PvT
Replay Pack
me
Add a new tag
Caveats
  • Supply blocks, unpowered buildings, or Contaminate may cause inaccurate times.
  • Supply counts are checked every 10 seconds.